 Dungeon Crawl Stone Soup version 0.20-a0-1062-g7b787ac (webtiles) character file.

114 Alarkh the Stinger (level 4, -2/30 HPs)
             Began as a Demonspawn Venom Mage on Apr 27, 2017.
             Slain by an orc priest
             ... wielding a +0 hand axe
              (7 damage)
             ... on level 3 of the Dungeon.
             The game lasted 00:03:23 (3164 turns).

Alarkh the Stinger (Demonspawn Venom Mage)          Turns: 3164, Time: 00:03:24

Health: -2/30      AC:  2    Str:  8    XL:     4   Next: 67%
Magic:  0/8        EV: 12    Int: 18    God:
Gold:   162        SH:  0    Dex: 13    Spells: 5/8 levels left

rFire    . . .     SeeInvis .   k - +0 dagger (protect)
rCold    . . .     Gourm    .   (no shield)
rNeg     . . .     Faith    .   a - +0 robe
rPois    +         Spirit   .   (no helmet)
rElec    .         Reflect  .   (no cloak)
rCorr    .         Harm     .   (no gloves)
MR       .....                  (no boots)
Stlth    ++........             (no amulet)
Regen    0.1/turn               g - ring of poison resistance
MPRegen  0.2/turn               (no ring)

@: no status effects
A: claws 2
a: no special abilities


You were on level 3 of the Dungeon.
You were not hungry.

You visited 1 branch of the dungeon, and saw 3 of its levels.

You collected 162 gold pieces.

Inventory:

Hand Weapons
 k - a +0 dagger of protection (weapon)
Armour
 a - a +0 robe (worn)
Jewellery
 g - a ring of poison resistance (left claw)
Scrolls
 e - a scroll of identify
 f - a scroll of fear {unknown}
 h - 3 scrolls of amnesia {unknown}
 m - a scroll of teleportation {unknown}
 o - a scroll of enchant armour {unknown}
 p - a scroll of remove curse {unknown}
 t - a scroll of blinking {unknown}
Potions
 d - a potion of magic
 i - a potion of haste
 l - 3 potions of brilliance {unknown}
 q - a potion of curing
 r - a potion of flight
 s - a potion of lignification {unknown}
Books
 b - a Young Poisoner's Handbook

   Spells                             Type                      Level
   a - Sting                          Conjuration/Poison           1
   b - Poisonous Vapours              Poison/Air                   2
   c - Mephitic Cloud                 Conjuration/Poison/Air       3
   d - Olgreb's Toxic Radiance        Poison                       4
   e - Venom Bolt                     Conjuration/Poison           5
Comestibles
 c - 2 bread rations
 j - 2 fruits
 n - 2 chunks of flesh
 u - a royal jelly


   Skills:
 - Level 1.7 Dodging
 - Level 1.7 Stealth
 * Level 1.9 Unarmed Combat
 + Level 2.6 Spellcasting
 + Level 2.3 Conjurations
 + Level 3.8 Poison Magic


You had 5 spell levels left.
You knew the following spells:

 Your Spells              Type           Power        Failure   Level  Hunger
a - Sting                 Conj/Pois      ##..         4%          1    #......
b - Poisonous Vapours     Pois/Air       #.....       12%         2    ##.....


Dungeon Overview and Level Annotations

Branches:
Dungeon (3/15)

Altars:
Cheibriados
Dithmenos


Innate Abilities, Weirdness & Mutations

You have very sharp fingernails.


Message History

Press: ? - help, Shift-Dir - straight line, f - orc priest
Aim: an orc priest, wielding a hand axe and wearing a scale mail The sting hits the orc priest.
The orc priest appears unharmed.
Casting: Sting
Confirm with . or Enter, or press ? or * to list all spells.
Aiming: Sting
Press: ? - help, Shift-Dir - straight line, f/p - orc priest
Aim: an orc priest, wielding a hand axe and wearing a scale mail The sting hits the orc priest.
The orc priest appears unharmed.
Casting: Sting
Confirm with . or Enter, or press ? or * to list all spells.
You don't have enough magic to cast that spell.
The orc priest calls down the wrath of Beogh upon you.
Beogh smites you!
You closely miss the orc priest.
The orc priest mumbles some strange prayers to Beogh against you.
Beogh smites you!
* * * LOW HITPOINT WARNING * * *
The orc priest hits you with a hand axe!
You die...

....##########...##..##....#
.
.....................#._...#
.
....########.....##..##....#
.# #..## #.#...##...##..##
##.# #.#.#...#(..).## #.#
#.#.....##..### #.#
#.###...##### #.# #.###..##
#....@.# ######o#####
##)#(oo# #...###o.... #...#
... #...# # ####. ##


You could see an orc priest.

Vanquished Creatures
  5 adders
  An ooze (D:1)
  3 worms
  3 dart slugs
  A leopard gecko (D:1)
  3 orcs (D:3)
  6 bats
  A giant cockroach (D:3)
  4 hobgoblins
  A quokka (D:3)
  3 frilled lizards
  6 goblins
  8 kobolds
  7 rats
52 creatures vanquished.

Notes
Turn   | Place    | Note
-------+----------+-------------------------------------------
     0 | D:1      | Alarkh the Demonspawn Venom Mage began the quest for the Orb.
     0 | D:1      | Reached XP level 1. HP: 13/13 MP: 3/3
   215 | D:1      | Gained mutation: You have sharp fingernails. [demonic ancestry]
   215 | D:1      | Reached XP level 2. HP: 15/19 MP: 0/5
   708 | D:1      | Learned a level 2 spell: Poisonous Vapours
   803 | D:1      | Reached XP level 3. HP: 24/24 MP: 4/6
  1916 | D:2      | Reached skill level 1 in Unarmed Combat
  2282 | D:2      | Gained mutation: You have very sharp fingernails. [demonic ancestry]
  2282 | D:2      | Reached XP level 4. HP: 25/30 MP: 0/7
  2845 | D:3      | Found a snail-covered altar of Cheibriados.
  3098 | D:3      | Found a shadowy altar of Dithmenos.
  3164 | D:3      | Slain by an orc priest

Vault maps used:
D:1:      roderic_crop_circles_arrival_large
D:3:      nicolae_dithmenos_through_a_glass_darkly, lemuel_doored_altar,
          marbit_many_paths, first_bread

Skill      XL: |  1  2  3 |
---------------+----------+-----
Conjurations   | 2 |  2.3
Unarmed Combat | 1 |  1.9
Dodging        | |  1.7
Stealth        | |  1.7
Spellcasting   | |  2.6
Poison Magic   | |  3.8

Action                   |  1- 3 |  4- 6 || total
-------------------------+-------+-------++-------
Melee: Unarmed           |    19 |       ||    19
       Dagger            |     8 |     6 ||    14
 Cast: Sting             |    80 |    45 ||   125
  Use: Scroll            |     2 |     2 ||     4
  Eat: Chunk             |     5 |     3 ||     8
Armor: Robe              |     9 |     1 ||    10
Dodge: Dodged            |    30 |     5 ||    35
